 Dungeon Crawl Stone Soup version 0.14-a0-155-gd989017 (webtiles) character file.

3134 Deemzul the Summoner (level 9, -2/66 HPs)
             Began as an Octopode Summoner on Oct 5, 2013.
             Was a Priest of Sif Muna.
             Slain by a killer bee (7 damage)
             ... on Level 9 of the Dungeon.
             The game lasted 00:51:53 (8734 turns).

Deemzul the Summoner (Octopode Summoner)            Turns: 8734, Time: 00:51:54

HP  -2/66        AC  1     Str  8      XL: 9   Next: 70%
MP   2/33        EV 13     Int 20      God: Sif Muna [***...]
Gold 360         SH  0     Dex 12      Spells:  3 memorised, 17 levels left

Res.Fire  : . . .   See Invis. : +   l - +4,+2 elf dagger
Res.Cold  : . . .   Warding    : .   (no shield)
Life Prot.: . . .   Conserve   : .   (helmet restricted)
Res.Poison: .       Res.Corr.  : .   q - amulet of the gourmand
Res.Elec. : .       Clarity    : .   s - ring of see invisible
Sust.Abil.: . .     Spirit.Shd : .   y - ring of Vitality {Regen HP+15}
Res.Mut.  : .       Stasis     : .   G - ring of magical power
Res.Rott. : .       Flight     : .   H - ring of invisibility
Gourmand  : +                        (no ring)
                                     (no ring)
                                     (no ring)
                                     (no ring)

@: mildly poisoned, very slightly contaminated, slightly resistant to hostile
enchantments, quite stealthy
A: almost no armour, amphibious, 8 rings, constrict 8, camouflage 1, AC +1
a: Channel Energy, Forget Spell, Renounce Religion, Evoke Invisibility


You were on level 9 of the Dungeon.
You worshipped Sif Muna.
Sif Muna was most pleased with you.
You were very full.

You visited 2 branches of the dungeon, and saw 10 of its levels.

You collected 340 gold pieces.

Inventory:

Hand weapons
 l - a +4,+2 elven dagger (weapon)
Missiles
 j - 16 darts of flame (quivered)
 A - 13 exploding darts
Magical devices
 r - a wand of polymorph (7)
 C - a wand of enslavement (6) {unknown}
 D - a wand of frost (10)
Comestibles
 c - 6 bread rations
 n - a pear
 w - 3 meat rations
 E - an apple
Scrolls
 a - 2 scrolls of enchant armour {unknown}
 e - a scroll of enchant weapon I {unknown}
 f - 7 scrolls of remove curse {unknown}
 k - 2 scrolls of teleportation {unknown}
 t - a scroll of curse armour {unknown}
 u - 3 scrolls of magic mapping {unknown}
 x - a scroll of curse weapon {unknown}
 z - 3 scrolls of random uselessness {unknown}
 F - a scroll of noise {unknown}
 I - a scroll of recharging {unknown}
Jewellery
 q - an amulet of the gourmand (around mantle)
 s - a ring of see invisible (left tentacle)
 y - the ring of Vitality (right tentacle) {Regen HP+15}
   (You found it on level 4 of the Dungeon)

   [ring of regeneration]

   It affects your health (+15).
 G - a ring of magical power (on tentacle)
 H - a ring of invisibility (on tentacle)
Potions
 g - a potion of might
 i - 2 potions of brilliance
 m - a potion of slowing {unknown}
 o - 3 potions of agility
 p - 2 potions of restore abilities
 v - a potion of berserk rage {unknown}
 B - a potion of confusion {unknown}
Books
 b - a book of Callings

   Spells                             Type                      Level
   *Summon Small Mammal               Summoning                    1
   *Call Imp                          Summoning                    2
   Call Canine Familiar               Summoning                    3
   Summon Scorpions                   Summoning/Poison             4
   *Summon Ice Beast                  Ice/Summoning                4
 K - a book of Minor Magic

   Spells                             Type                      Level
   Magic Dart                         Conjuration                  1
   Blink                              Translocation                2
   *Call Imp                          Summoning                    2
   Repel Missiles                     Charms/Air                   2
   Slow                               Hexes                        2
   Conjure Flame                      Conjuration/Fire             3
   Mephitic Cloud                     Conjuration/Poison/Air       3


   Skills:
 - Level 0.2 Short Blades
 - Level 0.6 Throwing
 + Level 3.3 Dodging
 + Level 3.6 Stealth
 * Level 8.0 Spellcasting
 * Level 9.3 Summonings
 + Level 2.8 Ice Magic
 + Level 1.2 Evocations


You had 17 spell levels left.
You knew the following spells:

 Your Spells              Type           Power        Failure   Level  Hunger
a - Summon Small Mammal   Summ           ####         1%          1    None
b - Call Imp              Summ           #####.....   1%          2    None
c - Summon Ice Beast      Ice/Summ       ####......   10%         4    ###....


Dungeon Overview and Level Annotations

Branches:
Dungeon (9/27)             Temple (1/1) D:6            Lair (0/8) D:8
    Orc: D:6-11

Altars:
Ashenzari
Cheibriados
Elyvilon
Fedhas
Kikubaaqudgha
Makhleb
Nemelex Xobeh
Okawaru
Sif Muna
Trog
Vehumet
Xom
Yredelemnul
Zin
the Shining One

Annotations:
D:6 PleasurePal's ghost, experienced TrBe


Innate Abilities, Weirdness & Mutations

You cannot wear most types of armour.
You are amphibious.
You can wear up to eight rings at the same time.
You can use your tentacles to constrict many enemies at once.
Your skin changes colour to match your surroundings (Stlth).
Your rubbery body absorbs attacks (AC +1).


Message History

Unknown command.
The killer bee stings you.
* * * LOW HITPOINT WARNING * * *
You are poisoned.
The killer bee poisons you!
Unknown command.
Casting: Summon Ice Beast
Confirm with . or Enter, or press ? or * to list all spells.
A shadowy apparition takes form in the air.
The killer bee barely misses you. The killer bee closely misses you.
Unknown command.
You swap places.
The killer bee stings your shadow imp! The killer bee stings your shadow imp.
Your shadow imp dies!
Found 10 sling bullets.
Unknown command.
Casting: Call Imp
Confirm with . or Enter, or press ? or * to list all spells.
The killer bee stings you!
You die...

(........##...#. ...
............. ...
.................(...
.<>.........#..........
...............#.#......
.......................#
..............## .....
.........#.....##..#
..........#.<..k@..##
..............k##r..##..
.%..........I##.........
........%..k.k.k........
..........#.............
........kI.....#.r..#.#
......[.......####.#...
......................
.................. ..


You could see 3 killer bees, a rat, a friendly ice beast and a friendly quokka.

Vanquished Creatures
  A fire drake (D:8)
  Edmund (D:7)
  A water moccasin (D:6)
  A giant frog (D:4)
  4 crimson imps
  2 orc priests (D:6)
  A hound (D:7)
  A quasit (D:6)
  3 orc wizards
  2 worker ants
  2 adders (D:7)
  An inept feature mimic (D:8)
  A worm (D:2)
  A giant eyeball (D:7)
  A giant gecko (D:5)
  2 oozes
  8 orcs
  14 bats
  2 giant cockroaches
  5 goblins
  3 hobgoblins
  5 quokkas
  2 giant newts
  3 kobolds
  An orc skeleton (D:8)
  A rat (D:5)
  A rat skeleton (D:8)
  A rat zombie (D:5)
  3 plants (D:2)
74 creatures vanquished.

Vanquished Creatures (collateral kills)
  The ghost of PolkaDot the Grappler, an experienced TrDK of Yredelemnul (D:8)
  Joseph (D:7)
  A yak (D:8)
  A wyvern (D:8)
  Eustachio (D:7)
  A black bear (D:8)
  3 orc warriors
  3 ogres
  A giant goldfish (D:6)
  3 ice beasts
  3 giant frogs
  A killer bee (D:9)
  2 jellyfish (D:6)
  A quasit (D:8)
  2 jellies
  5 crimson imps
  A big fish (D:6)
  3 orc priests
  4 scorpions
  6 hounds
  An iguana (D:6)
  A worker ant (D:5)
  5 orc wizards
  4 adders
  3 gnolls (D:7)
  A giant mite (D:7)
  4 worms
  A grey rat (D:7)
  A giant eyeball (D:9)
  24 orcs
  6 bats
  2 giant cockroaches
  12 hobgoblins
  4 quokkas
  3 ball pythons
  3 giant geckos
  5 giant newts
  6 goblins
  A hobgoblin zombie (D:5)
  8 jackals
  2 kobolds
  5 rats
146 creatures vanquished.

Vanquished Creatures (others)
  17 ice beasts
  16 crimson imps
  2 iron imps
  10 shadow imps
  33 white imps
  A grey rat (D:2)
  An orc (D:6)
  8 bats
  7 quokkas
  7 rats
102 creatures vanquished.

Grand Total: 322 creatures vanquished

Notes
Turn   | Place    | Note
--------------------------------------------------------------
     0 | D:1      | Deemzul, the Octopode Summoner, began the quest for the Orb.
     0 | D:1      | Reached XP level 1. HP: 11/11 MP: 3/3
   284 | D:1      | Reached XP level 2. HP: 6/17 MP: 1/4
   729 | D:2      | Learned a level 2 spell: Call Imp
   906 | D:2      | Reached XP level 3. HP: 21/21 MP: 6/6
  2245 | D:3      | Reached XP level 4. HP: 27/27 MP: 1/8
  2631 | D:3      | Reached skill level 5 in Summonings
  2728 | D:3      | Reached XP level 5. HP: 18/31 MP: 1/10
  2942 | D:4      | Noticed an ogre
  2979 | D:4      | Killed an ogre
  3219 | D:4      | Noticed a giant frog
  3228 | D:4      | Killed a giant frog
  3228 | D:4      | Reached XP level 6. HP: 36/36 MP: 0/13
  3839 | D:5      | Entered Level 5 of the Dungeon
  4018 | D:5      | Found a bloodstained altar of Trog.
  4052 | D:5      | Reached skill level 6 in Summonings
  4179 | D:6      | Noticed PleasurePal's ghost (experienced TrBe)
  4586 | D:5      | Reached XP level 7. HP: 41/41 MP: 1/16
  4958 | D:6      | Found a staircase to the Ecumenical Temple.
  4972 | Temple   | Entered the Ecumenical Temple
  5062 | Temple   | Became a worshipper of Sif Muna the Loreminder
  5394 | D:6      | Reached skill level 5 in Spellcasting
  5871 | D:5      | Learned a level 4 spell: Summon Ice Beast
  6015 | D:6      | Reached skill level 7 in Summonings
  6016 | D:6      | Reached XP level 8. HP: 46/46 MP: 5/19
  6028 | D:6      | Acquired Sif Muna's first power
  6392 | D:7      | Noticed Joseph
  6837 | D:7      | Reached skill level 1 in Ice Magic
  6965 | D:7      | Killed Joseph
  7021 | D:7      | Reached skill level 8 in Summonings
  7046 | D:7      | Noticed Edmund
  7091 | D:7      | Killed Edmund
  7091 | D:7      | Acquired Sif Muna's second power
  7269 | D:7      | Noticed Eustachio
  7286 | D:7      | Killed Eustachio
  7580 | D:7      | Reached XP level 9. HP: 46/51 MP: 22/22
  7924 | D:8      | Found a staircase to the Lair.
  7925 | D:8      | Noticed a fire drake
  7959 | D:8      | Killed a fire drake
  8042 | D:8      | Noticed PolkaDot's ghost (experienced TrDK)
  8058 | D:8      | Killed PolkaDot's ghost
  8058 | D:8      | Reached skill level 1 in Evocations
  8086 | D:8      | Reached skill level 9 in Summonings
  8423 | D:9      | Paralysed by a giant eyeball for 2 turns
  8433 | D:9      | Paralysed by a giant eyeball for 2 turns
  8719 | D:9      | HP: 1/66 [killer bee (8)]
  8731 | D:9      | HP: 3/66 [killer bee (2)]
  8734 | D:9      | Slain by a killer bee

Action                   |  1- 3 |  4- 6 |  7- 9 || total
-------------------------+-------+-------+-------++-------
Melee: Unarmed           |    17 |       |       ||    17
       Dagger            |   155 |    70 |   156 ||   381
Throw: Dart              |    11 |     5 |    11 ||    27
 Cast: Summon Small Mamm |    42 |     3 |     9 ||    54
       Call Imp          |    35 |   111 |   139 ||   285
       Summon Ice Beast  |       |       |    67 ||    67
Evoke: Wand              |       |     2 |     8 ||    10
  Use: Potion            |     2 |       |     2 ||     4
       Scroll            |       |       |    10 ||    10
 Stab: Sleeping          |     3 |     2 |     3 ||     8
       Distracted        |       |     2 |     1 ||     3
